 Dungeon Crawl Stone Soup version 0.20.0-10-g0535bb4 (webtiles) character file.

69793 Haldmier the Bewitcher (level 14, -1/76 HPs)
             Began as a Deep Elf Enchanter on June 7, 2017.
             Was a High Priest of Sif Muna.
             Splashed by an oklob plant's acid (9 damage)
             ... on level 3 of the Lair of Beasts.
             The game lasted 02:58:53 (33503 turns).

Haldmier the Bewitcher (Deep Elf Enchanter)        Turns: 33503, Time: 02:58:54

Health: -1/76      AC:  4    Str:  6    XL:     14   Next: 91%
Magic:  0/37       EV: 20    Int: 28    God:    Sif Muna [*****.]
Gold:   1598       SH:  5    Dex: 15    Spells: 6/30 levels left

rFire    + . .     SeeInvis .   a - +2 dagger (venom)
rCold    + . .     Gourm    .   P - +0 buckler
rNeg     . . .     Faith    .   Z - +2 robe {MR+}
rPois    .         Spirit   +   K - +2 helmet {Int+3}
rElec    .         Reflect  .   s - scarf {rC+ rF+}
rCorr    .         Harm     .   (no gloves)
MR       ++...                  j - +0 pair of boots
Stlth    +++++++...             J - amulet of guardian spirit
Regen    0.3/turn               k - ring of stealth
MPRegen  0.3/turn               t - ring of magical power

@: corroded
A: no striking features
a: Divine Energy, Channel Magic, Forget Spell, Renounce Religion


You were on level 3 of the Lair of Beasts.
You worshipped Sif Muna.
Sif Muna was extremely pleased with you.
You were near starving.

You visited 5 branches of the dungeon, and saw 23 of its levels.

You collected 2413 gold pieces.
You spent 815 gold pieces at shops.

Inventory:

Hand Weapons
 a - a +2 dagger of venom (weapon)
 b - a +2 dagger of freezing
 Y - a +2 dagger of draining
Armour
 f - a +2 robe of fire resistance
 j - a +0 pair of boots (worn)
 l - a +0 hat of see invisible
 s - a scarf of resistance (worn)
 K - a +2 helmet of intelligence (worn)
 P - a +0 buckler (worn)
 U - a +2 robe of cold resistance
 Z - a +2 robe of magic resistance (worn)
Magical Staves
 n - an uncursed staff of power
Jewellery
 k - a ring of stealth (left hand)
 t - a ring of magical power (right hand)
 v - the ring "Xacetuil" {Fire MR+ Dex+3}
   (You found it on level 1 of the Lair of Beasts)

   [ring of fire]

   It enhances your fire magic.
   It affects your dexterity (+3).
   It protects you from fire.
   It makes you vulnerable to cold.
   It affects your resistance to hostile enchantments.
 E - an uncursed ring of protection from cold
 J - an amulet of guardian spirit (around neck)
 O - an uncursed ring of ice
Wands
 c - a wand of disintegration (11/24)
 w - a wand of lightning (7/15)
 A - a wand of lightning (9/15)
 D - a wand of disintegration (17/24)
 M - a wand of digging (13/24)
Scrolls
 e - 2 scrolls of identify
 g - a scroll of enchant armour
 z - a scroll of silence {unknown}
 G - 6 scrolls of teleportation
 L - 2 scrolls of blinking
 N - 5 scrolls of remove curse
 Q - 3 scrolls of fear
Potions
 h - 5 potions of flight
 m - 8 potions of curing
 o - 2 potions of brilliance
 q - a potion of cancellation
 u - 2 potions of might
 x - 5 potions of resistance
 B - 6 potions of agility
 H - 2 potions of haste {unknown}
 I - 3 potions of lignification
 R - a potion of invisibility
 W - a potion of experience {unknown}
Books
 C - a book of Summonings

   Spells                             Type                      Level
   a - Recall                         Summoning/Translocation      3
   b - Aura of Abjuration             Summoning                    5
   c - Summon Demon                   Summoning                    5
   d - Summon Forest                  Summoning/Translocation      5
   e - Summon Mana Viper              Hexes/Summoning              5
   f - Shadow Creatures               Summoning                    6
Miscellaneous
 y - a phial of floods
Comestibles
 d - 13 bread rations
 i - 11 royal jellies
 p - 8 fruits
 r - 5 meat rations


   Skills:
 - Level 4.0 Fighting
 - Level 10.2 Short Blades
 - Level 11.0 Dodging
 - Level 15.0 Stealth
 - Level 4.0 Shields
 - Level 8.6 Spellcasting
 + Level 10.8 Conjurations
 - Level 15.1 Hexes
 - Level 1.7 Charms
 * Level 7.8 Ice Magic
 - Level 6.7 Invocations


You had 6 spell levels left.
You knew the following spells:

 Your Spells              Type           Power        Failure   Level  Hunger
a - Corona                Hex            #######      0%          1    None
b - Ensorcelled Hibernat  Hex/Ice        ######       1%          2    None
c - Confuse               Hex            #######.     1%          3    None
d - Tukima's Dance        Hex            #######.     1%          3    None
e - Cause Fear            Hex            #######...   1%          4    #......
f - Dazzling Spray        Conj/Hex       ######       1%          3    None
g - Swiftness             Chrm/Air       ###.....     4%          2    None
h - Bolt of Cold          Conj/Ice       ######....   16%         6    ######.


Dungeon Overview and Level Annotations

Branches:
Dungeon (13/15)            Temple (1/1) D:6            Lair (6/6) D:8
  Swamp (0/4) Lair:3        Snake (1/4) Lair:3        Slime (0/5) Lair:6
    Orc (2/2) D:11            Elf (0/3) Orc:2        Vaults (0/5) D:13

Altars:
Ashenzari
Cheibriados
Dithmenos
Elyvilon
Fedhas
Gozag
Hepliaklqana
Kikubaaqudgha
Makhleb
Nemelex Xobeh
Okawaru
Qazlal
Ru
Sif Muna
Trog
Uskayaw
Vehumet
Xom
Yredelemnul
Zin
The Shining One
Beogh

Shops:
D:4 [   D:5 **   D:7 !   D:8 }   D:12 !   Orc:2 ([*=

Annotations:
D:4 1 runed door, maniacrov's ghost, amateur MfGl
Lair:3 exclusion: 3 oklob plants


Message History

The bolt of cold hits the oklob plant.
The oklob plant is heavily damaged.
You are near starving!
The oklob plant spits acid at you. The splash of acid hits you!
You are splashed with acid!
The acid burns!
Casting: Bolt of Cold
Confirm with . or Enter, or press ? or * to list all spells.
Aiming: Bolt of Cold
Press: ? - help, Shift-Dir - straight line, f/p - oklob plant
Aim: an oklob plant (heavily damaged)
The bolt of cold hits the oklob plant.
The oklob plant is severely damaged.
The oklob plant spits acid at you. The splash of acid hits you!
You are splashed with acid!
The acid burns!
* * * LOW HITPOINT WARNING * * *
The oklob plant spits acid at you. The splash of acid hits you!
* * * LOW HITPOINT WARNING * * *
You are splashed with acid!
The acid burns!
You die...

......#....'.........#
.........###.........##
......######..........#
......## #.........###
##..##.# ##........##
...##.## ##........P#
...#### #.........##
...#### ######.##..#
....P.## #.#.###@..##
.......###...##...P.######
.......+............P$)??.
.......#.............:..$l
......................).:P
.......#..............?P$!
..b<...#.P......>...P)P$}t
.........#..........######
...<...#.+..........P#


You could see 2 oklob plants.

Vanquished Creatures
  Gastronok (Lair:3)
  An orc warlord (Orc:2)
  Nessos (Lair:6)
  Josephine (Lair:6)
  Harold (D:11)
  5 hydras
  2 anacondas (Snake:1)
  A centaur warrior (D:13)
  3 death yaks
  A catoblepas (D:12)
  6 two-headed ogres
  A queen ant (D:8)
  4 orc high priests (Orc:2)
  Nergalle (D:12)
  An unseen horror (D:10)
  4 orc knights
  A phantasmal warrior (D:12)
  A mana viper (Snake:1)
  A deep elf mage (Orc:2)
  2 cyclopes
  An oklob plant (Lair:3)
  3 ugly things
  6 orc sorcerers
  6 elephants
  8 black mambas
  A gargoyle (D:10)
  A torpor snail (Lair:5)
  A centaur skeleton (D:11)
  8 spiny frogs
  A rime drake (Lair:5)
  10 komodo dragons
  A hornet (Lair:5)
  A meliai (shapeshifter) (D:13)
  7 trolls
  A polar bear (Lair:6)
  A slime creature (D:13)
  4 blink frogs (Lair:5)
  10 hippogriffs
  5 wraiths
  18 yaks
  A shadow (D:12)
  A wyvern (D:12)
  5 basilisks
  2 hungry ghosts
  13 humans
  4 swamp worms (Lair:3)
  3 nagas (Snake:1)
  4 wargs
  20 soldier ants (D:8)
  10 water moccasins
  8 porcupines
  4 ice beasts
  34 orc warriors
  2 black bears
  A hornet zombie (D:7)
  A necrophage (D:12)
  13 ogres
  3 sky beasts
  A phantom (D:7)
  8 centaurs
  5 wolves (Lair:6)
  2 big kobolds
  16 crocodiles
  17 bullfrogs
  2 wyvern zombies (D:6)
  4 scorpions
  A water moccasin skeleton (D:9)
  13 killer bees
  8 wights
  2 electric eels
  10 howler monkeys
  2 bullfrog zombies (D:5)
  7 hounds
  3 crimson imps
  5 jellies
  30 orc priests
  33 orc wizards
  Crazy Yiuf (D:3)
  2 iguanas
  Ijyb (D:3)
  5 hell rats
  24 worker ants
  A hound zombie (D:5)
  A hound skeleton (D:4)
  8 gnolls
  24 adders
  3 shadow imps
  6 oozes
  2 adder skeletons
  3 worms
  A dart slug (D:1)
  7 leopard geckos
  93 orcs
  5 giant cockroaches
  10 goblins
  10 hobgoblins
  10 jackals
  18 kobolds
  2 quokkas
  2 ball pythons
  A ball python skeleton (D:4)
  8 bats
  4 frilled lizards
  A giant cockroach zombie (D:6)
  A jackal zombie (D:5)
  A leopard gecko skeleton (D:7)
  A leopard gecko zombie (D:5)
  A quokka zombie (D:7)
  10 rats
  A fungus (Lair:5)
  2 plants (Lair:3)
701 creatures vanquished.

Vanquished Creatures (collateral kills)
  Erica (D:9)
1 creature vanquished.

Vanquished Creatures (others)
  An orc priest (Orc:2)
  17 fungi
  7 plants
25 creatures vanquished.

Grand Total: 727 creatures vanquished

Notes
Turn   | Place    | Note
-------+----------+-------------------------------------------
     0 | D:1      | Haldmier the Deep Elf Enchanter began the quest for the Orb.
     0 | D:1      | Reached XP level 1. HP: 10/10 MP: 6/6
   825 | D:1      | Reached XP level 2. HP: 10/15 MP: 6/8
   931 | D:1      | Learned a level 2 spell: Ensorcelled Hibernation
  1557 | D:1      | Reached skill level 1 in Ice Magic
  1902 | D:2      | Reached XP level 3. HP: 19/19 MP: 9/9
  3076 | D:2      | Reached XP level 4. HP: 22/24 MP: 5/10
  3149 | D:3      | Found a faded altar of an unknown god.
  3160 | D:3      | Noticed Ijyb
  3195 | D:3      | Killed Ijyb
  3724 | D:3      | Learned a level 3 spell: Confuse
  3728 | D:3      | Learned a level 3 spell: Tukima's Dance
  4068 | D:3      | Found a runed door.
  4072 | D:3      | Noticed Crazy Yiuf
  4078 | D:3      | Killed Crazy Yiuf
  4078 | D:3      | Reached XP level 5. HP: 11/28 MP: 0/11
  4958 | D:3      | Reached skill level 5 in Hexes
  5101 | D:4      | Found Cilalued's Armour Boutique.
  5287 | D:4      | Found a white marble altar of Elyvilon.
  5288 | D:4      | Found a runed door.
  5288 | D:4      | Noticed an angel
  5292 | D:4      | Noticed maniacrov's ghost (amateur MfGl)
  5523 | D:4      | Reached skill level 5 in Stealth
  5609 | D:4      | Reached XP level 6. HP: 26/32 MP: 7/12
  5920 | D:5      | Entered Level 5 of the Dungeon
  5939 | D:5      | Noticed a sky beast
  5954 | D:5      | Killed a sky beast
  6105 | D:5      | Found Idex's Assorted Antiques.
  6160 | D:5      | Reached XP level 7. HP: 30/36 MP: 3/13
  6298 | D:5      | Found Winueb's General Store.
  6720 | D:5      | Bought a small malachite amulet for 130 gold pieces
  7274 | D:6      | Reached XP level 8. HP: 41/41 MP: 14/14
  7352 | D:6      | HP: 1/41 [orc priest/divine providence (13)]
  7550 | D:5      | Reached skill level 5 in Short Blades
  8870 | D:6      | Found a staircase to the Ecumenical Temple.
  8874 | Temple   | Entered the Ecumenical Temple
  8893 | Temple   | Became a worshipper of Sif Muna the Loreminder
  9110 | Temple   | Learned a level 4 spell: Cause Fear
 10070 | D:7      | Reached XP level 9. HP: 45/45 MP: 15/15
 10201 | D:7      | Found a white marble altar of Elyvilon.
 10716 | D:7      | Found Ovele's Distillery.
 10760 | D:7      | Reached skill level 10 in Hexes
 10832 | D:4      | Bought a +2 helmet of intelligence for 236 gold pieces
 11043 | D:7      | Reached skill level 10 in Stealth
 11517 | D:8      | Reached * piety under Sif Muna
 11553 | D:8      | Reached XP level 10. HP: 51/51 MP: 15/17
 11588 | D:8      | Reached skill level 1 in Fighting
 12224 | D:8      | Noticed a queen ant
 12598 | D:8      | Found Qoutaosi's Gadget Emporium.
 12685 | D:8      | Reached skill level 5 in Spellcasting
 12699 | D:8      | Learned a level 3 spell: Dazzling Spray
 12767 | D:8      | Reached skill level 1 in Conjurations
 12949 | D:8      | Found a staircase to the Lair.
 12949 | D:8      | Noticed an elephant
 12949 | D:8      | Noticed a two-headed ogre
 13030 | D:8      | Killed an elephant
 13030 | D:8      | Reached skill level 5 in Dodging
 13036 | D:8      | Killed a two-headed ogre
 13307 | D:8      | Reached XP level 11. HP: 60/60 MP: 20/20
 13333 | D:8      | Killed a queen ant
 13333 | D:8      | Reached ** piety under Sif Muna
 13893 | D:9      | Noticed Erica
 13927 | D:9      | Killed Erica
 14202 | D:9      | Noticed a two-headed ogre
 14219 | D:9      | Killed a two-headed ogre
 14639 | Lair:1   | Entered Level 1 of the Lair of Beasts
 14940 | Lair:1   | Got a steaming copper ring
 14946 | Lair:1   | Identified the ring "Xacetuil" {Fire MR+ Dex+3} (You found it on level 1 of the Lair of Beasts)
 15136 | Lair:1   | Noticed a four-headed hydra
 15149 | Lair:1   | Killed a four-headed hydra
 15790 | Lair:2   | Noticed an eight-headed hydra
 16081 | Lair:2   | Reached skill level 5 in Conjurations
 16401 | Lair:2   | Noticed a seven-headed hydra
 16427 | Lair:2   | Killed a seven-headed hydra
 16504 | Lair:2   | Killed an eight-headed hydra
 16504 | Lair:2   | Reached XP level 12. HP: 66/66 MP: 21/21
 17229 | Lair:3   | Reached *** piety under Sif Muna
 17367 | Lair:3   | Found a staircase to the Swamp.
 17460 | Lair:3   | Found a staircase to the Snake Pit.
 17472 | Lair:3   | Noticed Gastronok
 17546 | Lair:3   | Killed Gastronok
 17546 | Lair:3   | Reached skill level 10 in Short Blades
 18310 | Lair:4   | Noticed a four-headed hydra
 18322 | Lair:4   | Killed a four-headed hydra
 19091 | Lair:5   | Noticed a death yak
 19101 | Lair:5   | Noticed a death yak
 19120 | Lair:5   | Killed a death yak
 19218 | Lair:5   | Killed a death yak
 19319 | Lair:5   | Noticed a five-headed hydra
 19334 | Lair:5   | Killed a five-headed hydra
 19334 | Lair:5   | Reached **** piety under Sif Muna
 19505 | Lair:5   | Reached XP level 13. HP: 70/70 MP: 21/22
 20153 | Lair:6   | Entered Level 6 of the Lair of Beasts
 20820 | Lair:6   | Found a staircase to the Slime Pits.
 20821 | Lair:6   | Noticed Josephine
 20878 | Lair:6   | Reached skill level 10 in Dodging
 21663 | Lair:6   | Killed Josephine
 21779 | Lair:6   | Noticed Nessos
 21791 | Lair:6   | Killed Nessos
 22510 | Lair:6   | Reached skill level 15 in Hexes
 22955 | Lair:1   | Learned a level 2 spell: Swiftness
 23028 | D:10     | Entered Level 10 of the Dungeon
 23036 | D:10     | Reached skill level 15 in Stealth
 23139 | D:10     | Reached skill level 1 in Charms
 23656 | D:5      | Bought a buckler for 117 gold pieces
 23664 | D:5      | Bought a scroll of identify for 52 gold pieces
 23695 | D:5      | Bought a scroll of identify for 28 gold pieces
 23741 | D:6      | Reached ***** piety under Sif Muna
 23840 | D:10     | You fall through a shaft!
 23840 | D:11     | Found a staircase to the Orcish Mines.
 23860 | D:11     | Found an ancient bone altar of Kikubaaqudgha.
 23872 | D:11     | Reached skill level 1 in Shields
 24146 | D:11     | Found a stormy altar of Qazlal.
 24148 | D:11     | Noticed Harold
 24156 | D:11     | Killed Harold
 24551 | D:10     | Received a gift from Sif Muna
 24562 | D:10     | Identified Ywoamu's Collected Works on the Cloudy Snowflakes (Sif Muna gifted it to you on level 10 of the Dungeon)
 24618 | D:10     | Reached skill level 1 in Invocations
 25111 | Orc:1    | Entered Level 1 of the Orcish Mines
 25111 | Orc:1    | Found a roughly hewn altar of Beogh.
 25613 | Orc:1    | Reached XP level 14. HP: 60/76 MP: 12/24
 26305 | D:11     | Learned a level 6 spell: Bolt of Cold
 26744 | Orc:2    | Entered Level 2 of the Orcish Mines
 26773 | Orc:2    | Found a staircase to the Elven Halls.
 27540 | Orc:2    | HP: 1/76 [orc priest/divine providence (8)]
 28451 | Orc:2    | Noticed an orc warlord
 28565 | Orc:2    | Reached skill level 5 in Ice Magic
 28861 | Orc:2    | Killed an orc warlord
 28861 | Orc:2    | Identified Sif Muna's Collected Works on the Compass and Hexes (Sif Muna gifted it to you on level 2 of the Orcish Mines)
 28861 | Orc:2    | Received a gift from Sif Muna
 29217 | Orc:2    | Reached skill level 5 in Invocations
 29746 | Orc:2    | Found a roughly hewn altar of Beogh.
 29755 | Orc:2    | Reached skill level 10 in Conjurations
 29993 | Orc:2    | Found Visubone's Antique Armour Boutique.
 29994 | Orc:2    | Found Lisku's Antique Weapon Boutique.
 29996 | Orc:2    | Found Heicuuf's General Store.
 29996 | Orc:2    | Found Goax's Jewellery Shop.
 30097 | Orc:2    | Bought an ichor-stained dagger for 252 gold pieces
 30097 | Orc:2    | Identified the cursed +0 dagger of Regicide {distort, Int+2} (You bought it in a shop on level 2 of the Orcish Mines)
 30669 | D:12     | Found Bifyer's Distillery.
 30897 | D:12     | Found an iron altar of Okawaru.
 30921 | D:12     | Noticed Nergalle
 30924 | D:12     | Killed Nergalle
 31358 | D:13     | Found a gate to the Vaults.
 32590 | Snake:1  | Entered Level 1 of the Snake Pit
 32595 | Snake:1  | Found an iron altar of Okawaru.
 33503 | Lair:3   | Splashed by an oklob plant's acid

Skill      XL: |  1  2  3  4  5  6  7  8  9 10 11 12 13 14 |
---------------+-------------------------------------------+-----
Stealth        | 4 5 6 8 10 11 12 14 15 | 15.0
Ice Magic      | 1 2 3 4 7 |  7.8
Short Blades   | 2 3 4 6 7 8 9 10 | 10.2
Hexes          | 5 6 7 9 11 13 14 15 | 15.1
Dodging        | 3 5 7 9 10 11 | 11.0
Fighting       | 3 4 |  4.0
Spellcasting   | 5 8 |  8.6
Conjurations   | 2 5 7 9 10 | 10.8
Charms         | 1 |  1.7
Shields        | 3 4 |  4.0
Invocations    | 2 6 |  6.7

Action                   |  1- 3 |  4- 6 |  7- 9 | 10-12 | 13-15 || total
-------------------------+-------+-------+-------+-------+-------++-------
Melee: Dagger            |   101 |   140 |    81 |    36 |   648 ||  1006
       Short sword       |       |       |   208 |   269 |    15 ||   492
Throw: Javelin           |       |       |       |     1 |       ||     1
 Cast: Corona            |    13 |    10 |     3 |     5 |    21 ||    52
       Ensorcelled Hiber |    39 |    46 |    57 |   152 |   446 ||   740
       Tukima's Dance    |       |     3 |       |     9 |     3 ||    15
       Confuse           |       |     2 |    23 |    16 |    35 ||    76
       Dazzling Spray    |       |       |       |     5 |     6 ||    11
       Cause Fear        |       |       |       |     1 |     2 ||     3
       Bolt of Cold      |       |       |       |       |    12 ||    12
Evoke: Wand              |       |       |       |     7 |       ||     7
  Use: Scroll            |       |    10 |     5 |     8 |    13 ||    36
       Potion            |       |       |       |       |     6 ||     6
 Stab: Sleeping          |    26 |    35 |    56 |   132 |   303 ||   552
       Confused          |       |     3 |    15 |    11 |    26 ||    55
       Distracted        |       |       |     1 |       |     2 ||     3
       Invisible         |       |       |       |     2 |       ||     2
  Eat: Chunk             |     8 |    12 |    18 |    24 |    35 ||    97
       Royal jelly       |       |       |     1 |     1 |     5 ||     7
       Fruit             |       |       |       |       |     1 ||     1
Armor: Robe              |    18 |    24 |    34 |    26 |    70 ||   172
       Skin              |       |       |       |       |     5 ||     5
Dodge: Dodged            |    77 |    73 |   119 |   160 |   428 ||   857
Block: Other             |       |       |    13 |       |       ||    13
       Reflection        |       |       |     1 |       |       ||     1
       Buckler           |       |       |       |       |    95 ||    95
